 Dungeon Crawl Stone Soup version 0.28-a0-1227-ga9037bb4c8 (webtiles) character file.

Game seed: 10086482719824699050

59 Adrian566 the Skirmisher (level 4, -4/31 HPs)
             Began as an Octopode Fighter on Dec 22, 2021.
             Slain by a gnoll (6 damage)
             ... on level 2 of the Dungeon.
             The game lasted 00:01:40 (1585 turns).

Adrian566 the Skirmisher (Octopode Fighter)         Turns: 1585, Time: 00:01:41

Health: -4/31      AC:  1    Str: 17    XL:     4   Next: 3%
Magic:  4/4        EV:  7    Int: 10    God:
Gold:   111        SH:  0    Dex: 11    Spells: 3/3 levels left

rFire   . . .      SeeInvis .   a - +0 long sword
rCold   . . .      Faith    .   b - +0 buckler
rNeg    . . .      Spirit   .   (helmet restricted)
rPois   .          Reflect  .   (no amulet)
rElec   .          Harm     .   (no ring)
rCorr   .          Rampage  .   (no ring)
Will    .....                   (no ring)
Stlth   ++........              (no ring)
HPRegen 0.10/turn               (no ring)
MPRegen 0.09/turn               (no ring)
                                (no ring)
                                (no ring)

@: held
A: almost no armour, amphibious, 8 rings, camouflage 1, gelatinous body 1,
(nimble swimmer 1), tentacles
a: no special abilities


You were on level 2 of the Dungeon.
You visited 1 branch of the dungeon, and saw 2 of its levels.

You collected 111 gold pieces.

Inventory:

Hand Weapons
 a - a +0 long sword (weapon)
Armour
 b - a +0 buckler (worn)
Scrolls
 d - 2 scrolls of identify
 e - a scroll of teleportation
 h - a scroll of noise
Potions
 c - a potion of might


   Skills:
 + Level 3.4 Fighting
 * Level 3.0 Long Blades
 + Level 3.4 Dodging
 + Level 0.1 Stealth
 + Level 3.3 Shields


You had 3 spell levels left.
You didn't know any spells.
Your spell library contained the following spells:

 Spells                   Type           Power      Damage    Failure   Level
 Ensorcelled Hibernation  Hex/Ice        0%         N/A       52%         2
 Spider Form              Tmut/Pois      0%         N/A       77%         3


Dungeon Overview and Level Annotations

Branches:
Dungeon (2/15)

Altars:


Innate Abilities, Weirdness & Mutations

You cannot wear most types of armour.
You are amphibious.
You can wear up to eight rings at the same time.
Your skin changes colour to match your surroundings (Stealth+).
Your rubbery body absorbs attacks. (AC +1, EV +1)
((You are camouflaged when in or above water. (Stealth+)))
You have tentacles for arms and can constrict up to eight enemies at once.


Message History

No target in view!
No target in view!
No target in view!
No target in view!
No target in view!
No target in view!
No target in view!
No target in view!
You see here a frilled lizard skeleton.
You see here a +0 short sword. 3 gnolls come into view.
There are monsters nearby!
The gnoll shouts!
You hear a shout!
The gnoll shouts!
A gnoll comes into view. It is wielding a +0 spear.
The gnoll hits you with a +0 spear! The gnoll misses you.
You barely miss the gnoll. You grab the gnoll. You constrict the gnoll.
The gnoll misses you. The gnoll closely misses you.
The gnoll hits you from afar with a +0 spear. x2
You hit the gnoll.
The gnoll is heavily wounded.
You constrict the gnoll.
The gnoll hits you from afar with a +0 halberd!
* * * LOW HITPOINT WARNING * * *
The gnoll closely misses you.
The gnoll hits you from afar with a +0 spear!
* * * LOW HITPOINT WARNING * * *
The gnoll closely misses you. You block the gnoll's attack. x2
The gnoll barely misses you.
You release your grip on the gnoll.
The gnoll throws a throwing net.
The throwing net hits you.
You become entangled in the net!
You see here a throwing net.
You struggle against the net.
It was a potion of cancellation.
You feel magically purged.
Okay, then.
You struggle against the net.
The gnoll closely misses you.
As you read the scroll labelled KOZAIFROROE, it crumbles to dust.
You speak a Word of immense power!
It was a scroll of holy word.
The gnoll hits you from afar with a +0 spear.
You die...

#### #....
###########
#....g#####
#..........
#....gg.g.#
#.########.
#....g###g# ##.##
#. #.... #g#
##.#.## #. ###.
#.####.###.### ##
#.# #@##..## ##[.#
# #.#
#.##.#.###.#.#####
#.#
#.##.##.#÷........
#.#
#.##.###.#)###.###
#.# #.##.# #.#.#
#.# # #.# #.##.#
#.#.# #.### ##.#
#.##.###.#.# #....
#..#####..........#
#####
#.....÷.....###.###
#....


You could see 3 gnolls.

Vanquished Creatures
  2 worms (D:2)
  4 dart slugs
  4 ball pythons
  2 bats
  6 endoplasms
  A giant cockroach (D:2)
  5 goblins
  5 hobgoblins
  5 kobolds
  A quokka (D:2)
  A frilled lizard (D:2)
  5 rats
41 creatures vanquished.

Notes
Turn   | Place    | Note
-------+----------+-------------------------------------------
     0 | D:1      | Adrian566 the Octopode Fighter began the quest for the Orb.
     0 | D:1      | Reached XP level 1. HP: 16/16 MP: 1/1
   215 | D:1      | Reached XP level 2. HP: 21/21 MP: 2/2
   693 | D:1      | Found a faded altar of an unknown god.
   739 | D:1      | Reached XP level 3. HP: 26/26 MP: 3/3
  1299 | D:2      | Reached XP level 4. HP: 31/31 MP: 4/4
  1576 | D:2      | HP: 1/31 [gnoll (7)]
  1585 | D:2      | Slain by a gnoll

Illustrated notes

Levels and vault maps discovered:
D:1:      ncdulo_smallfort, layout_basic, dilly_ecumenical_altar_fadedgnrine
D:2:      layout_loops_ring

Skill      XL: |  1  2  3 |
---------------+----------+-----
Long Blades    | 3 |  3.0
Fighting       | |  3.4
Dodging        | |  3.4
Stealth        | |  0.1
Shields        | |  3.3

Action                   |  1- 3 |  4- 6 || total
-------------------------+-------+-------++-------
Melee: Long sword        |    81 |     2 ||    83
       Constrict         |    21 |     1 ||    22
       Tentacles         |    18 |       ||    18
  Use: Scroll            |     2 |     1 ||     3
       Potion            |     2 |     1 ||     3
 Stab: Sleeping          |     4 |       ||     4
Armor: Skin              |     6 |       ||     6
Dodge: Dodged            |    46 |     7 ||    53
Block: Buckler           |     8 |     2 ||    10

Table legend: (Time is in decaauts)
 A = Elapsed time spent in this place.
 B = Non-inter-level travel time spent in this place.
 C = Inter-level travel time spent in this place.
 D = Time resting spent in this place.
 E = Time spent auto-exploring this place.
 F = Levels seen in this place.
 G = Mean time per level.
                   A        B        C        D        E       F      G
               +--------+--------+--------+--------+--------+-----+--------+
         Total |   1619 |   1588 |     31 |      0 |   1296 |   2 |  809.5 |
       Dungeon |   1619 |   1588 |     31 |      0 |   1296 |   2 |  809.5 |
               +--------+--------+--------+--------+--------+-----+--------+

Top non-repeatable levels by time:
     D:1: 915 daAuts
     D:2: 704 daAuts
